AoeStats
← ndf14685

Four Lakes

503736390Analyzed
2v2 RM · 1mo ago on Sep 2, 2026· 37m 0s· 4 players
Game mode
Random Map
Map size
Medium (4 player)
Population
200
Speed
Normal
Resources
Standard
Victory
Conquest
Starting age
Dark Age
Ending age
Imperial Age
RankedLock teamsTeams togetherTeam positionsShared explorationLock speedFull tech treeHidden civsTurbo modeCheats
Victory
Defeat
🇦🇷 Khmer · Argentina
1025
+18
🇦🇷 Malay · Argentina
920
+22
🇨🇱 Teutons · Chile
1087
-21
🇨🇱 Chinese · Chile
1038
-19
cristobalfelipeg
1:53 Loom
15:57 Feudal Age
17:25 Wheelbarrow
17:07 Double-Bit Axe
17:36 Town Watch
22:55 Gold Mining
28:40 Scale Mail Armor
Fuilemby-P
7:17 Loom
9:50 Feudal Age
11:30 Double-Bit Axe
15:18 Forging
17:16 Scale Barding Armor
19:40 Wheelbarrow
19:29 Horse Collar
23:39 Castle Age
21:59 Stone Mining
22:08 Gold Mining
23:01 Bloodlines
23:48 Scale Mail Armor
23:47 Pikeman
24:56 Chain Mail Armor
25:40 Hand Cart
27:19 Squires
28:25 Iron Casting
27:46 Town Watch
28:35 Bow Saw
32:57 Arson
34:28 Town Patrol
ndf14685
2:37 Loom
8:55 Feudal Age
19:32 Forging
19:14 Fletching
21:33 Horse Collar
24:51 Double-Bit Axe
29:05 Castle Age
29:43 Crossbowman
30:23 Pikeman
30:49 Arson
33:46 Husbandry
37:51 Imperial Age
zeta27
10:44 Loom
13:43 Feudal Age
13:23 Double-Bit Axe
17:26 Castle Age
15:24 Gold Mining
17:47 Wheelbarrow
18:21 Bow Saw
19:12 Scale Barding Armor
20:04 Town Watch
21:47 Fishing Lines
24:04 Husbandry
24:20 Forging
26:55 Iron Casting
30:12 Squires
30:54 Pikeman
36:57 Fletching
Connection lost

Rejoining the realm…

Still unreachable

The connection could not be restored.

Session expired

The server has moved on; the page needs a fresh start.